 Dungeon Crawl Stone Soup version 0.24.1-14-gf8d2b509d9 (webtiles) character file.

Game seed: 7633564943233156754, levelgen mode: deterministic

573 Gildeon the Magician (level 7, -5/38 HPs)
             Began as a Deep Elf Conjurer on Mar 26, 2021.
             Blown up by Ijyb (17 damage)
             ... with a disintegration bolt
             ... on level 5 of the Dungeon.
             The game lasted 00:13:27 (4938 turns).

Gildeon the Magician (Deep Elf Conjurer)            Turns: 4938, Time: 00:13:28

Health: -5/38      AC:  6    Str:  5    XL:     7   Next: 12%
Magic:  12/17      EV: 14    Int: 22    God:
Gold:   284        SH:  0    Dex: 15    Spells: 3/17 levels left

rFire    . . .     SeeInvis .   t - +3 dagger (drain)
rCold    + . .     Gourm    +   (no shield)
rNeg     . . .     Faith    .   y - +2 leather armour {rC+}
rPois    .         Spirit   .   (no helmet)
rElec    .         Reflect  .   (no cloak)
rCorr    .         Harm     .   (no gloves)
MR       +....                  f - +0 pair of boots
Stlth    +++.......             C - amulet of the gourmand
HPRegen  0.12/turn              n - ring of protection from magic
MPRegen  0.15/turn              (no ring)

@: no status effects
A: no striking features
a: no special abilities


You were on level 5 of the Dungeon.
You were not hungry.

You visited 1 branch of the dungeon, and saw 5 of its levels.

You collected 284 gold pieces.

Inventory:

Hand Weapons
 t - a +3 dagger of draining (weapon)
Armour
 a - a +0 robe
 d - a +0 leather armour
 f - a +0 pair of boots (worn)
 y - a +2 leather armour of cold resistance (worn)
Jewellery
 n - a ring of protection from magic (left hand)
 z - an uncursed ring of flight
 C - an amulet of the gourmand (around neck)
Wands
 A - a wand of iceblast (7)
 B - a wand of scattershot (6)
Scrolls
 h - a scroll of fog
 i - 2 scrolls of fear {unknown}
 m - 2 scrolls of enchant armour {unknown}
 o - a scroll of random uselessness {unknown}
 u - a scroll of teleportation {unknown}
 w - 2 scrolls of remove curse
 x - a scroll of noise {unknown}
Potions
 b - 3 potions of brilliance
 g - a potion of degeneration {unknown}
 j - a potion of agility {unknown}
 k - a potion of invisibility {unknown}
 p - 2 potions of lignification
 r - a potion of might {unknown}
 s - 2 potions of curing
 v - a potion of heal wounds {unknown}
Comestibles
 c - 11 rations


   Skills:
 + Level 1.0 Fighting
 + Level 1.2 Short Blades
 - Level 5.0 Dodging
 + Level 5.6 Stealth
 + Level 5.8 Spellcasting
 + Level 5.4 Conjurations


You had 3 spell levels left.
You knew the following spells:

 Your Spells              Type           Power        Failure   Level  Hunger
a - Magic Dart            Conj           ####         1%          1    None
b - Searing Ray           Conj           ####..       2%          2    None
c - Dazzling Spray        Conj/Hex       ###...       16%         3    ##.....
d - Iskenderun's Mystic   Conj           ####....     16%         4    ####...
e - Fulminant Prism       Conj/Hex       ###.......   45%         4    ####...

Your spell library contained the following spells:

 Spells                   Type           Power        Failure   Level  Hunger
 Force Lance              Conj/Tloc      ###.....     45%         4    ####...


Dungeon Overview and Level Annotations

Branches:
Dungeon (5/15)
 Temple: D:4-7

Altars:

Shops:
D:5 (

Annotations:
D:3 Sigmund
D:5 exclusion: centaur, Ijyb, Prince Ribbit


Message History

Press: ? - help, Shift-Dir - straight line, f - Ijyb
Aim: Ijyb, wielding a +0 dagger, wearing a +0 leather armour and carrying a wand of disintegration (13)
Okay, then.
You feel better. Ijyb closely misses you.
Casting: Searing Ray (safe; 2% risk of failure)
Confirm with . or Enter, or press ? or * to list all spells.
Aiming: Searing Ray (safe; 2% risk of failure)
Press: ? - help, Shift-Dir - straight line, f - Ijyb
Aim: Ijyb, wielding a +0 dagger, wearing a +0 leather armour and carrying a wand of disintegration (13)
The searing ray hits Ijyb but does no damage. (Press . to maintain the ray.) Ijyb barely misses you.
The searing ray misses Ijyb.
Ijyb barely misses you.
The searing ray hits Ijyb.
Ijyb is lightly wounded.
Ijyb hits you but does no damage.
The searing ray hits Ijyb!
Ijyb is heavily wounded.
You finish channeling your searing ray.
Ijyb zaps a wand.
You are blasted!
You die...

#.................#.######
#...###############.#
#........)..........#
#........############
#........# #######
#........# #.....#
#........# #[...?#
#........# #.g...#
#........# #.@...#
####.....#### #.....#
#.........# #.....#
#.........# #.....#
#.........###.....#
##.................#
########
#..............#####
#......# #......##......#
#......# #......##......#
#......#


You could see Ijyb.

Vanquished Creatures
  A phantom (D:5)
  An ogre (D:5)
  3 crimson imps (D:5)
  A centaur zombie (D:5)
  3 hounds
  A jelly (D:5)
  2 worker ants
  2 shadow imps (D:5)
  A worm (D:3)
  3 dart slugs
  A leopard gecko (D:5)
  3 orcs
  6 bats
  4 giant cockroaches
  8 goblins
  5 hobgoblins
  12 jackals
  3 quokkas
  3 frilled lizards
  A jackal skeleton (D:5)
  4 kobolds
  A leopard gecko skeleton (D:4)
  6 rats
75 creatures vanquished.

Notes
Turn   | Place    | Note
-------+----------+-------------------------------------------
     0 | D:1      | Gildeon the Deep Elf Conjurer began the quest for the Orb.
     0 | D:1      | Reached XP level 1. HP: 10/10 MP: 6/6
   151 | D:1      | Reached XP level 2. HP: 15/15 MP: 5/8
   175 | D:1      | Learned a level 2 spell: Searing Ray
   608 | D:1      | Reached XP level 3. HP: 19/19 MP: 10/10
   616 | D:1      | Learned a level 3 spell: Dazzling Spray
  1626 | D:2      | You fall into a shaft and drop 1 floor!
  1720 | D:3      | Noticed Sigmund
  2943 | D:4      | Reached skill level 5 in Conjurations
  2943 | D:4      | Reached XP level 4. HP: 18/24 MP: 4/12
  3042 | D:4      | Learned a level 4 spell: Iskenderun's Mystic Blast
  3724 | D:5      | Entered Level 5 of the Dungeon
  3735 | D:5      | Noticed a phantom
  3751 | D:5      | Killed a phantom
  3751 | D:5      | Reached XP level 5. HP: 17/28 MP: 4/14
  3934 | D:5      | Noticed a centaur
  3960 | D:5      | Noticed an ogre
  3967 | D:5      | Killed an ogre
  3967 | D:5      | Reached skill level 5 in Spellcasting
  3967 | D:5      | Reached XP level 6. HP: 25/32 MP: 10/15
  3973 | D:5      | Learned a level 4 spell: Fulminant Prism
  4003 | D:5      | Found Itwiot's Antique Weapon Shop.
  4025 | D:5      | Reached skill level 5 in Stealth
  4058 | D:5      | Reached skill level 5 in Dodging
  4430 | D:5      | Noticed Prince Ribbit
  4450 | D:5      | Reached skill level 1 in Short Blades
  4459 | D:5      | Reached XP level 7. HP: 21/37 MP: 7/17
  4646 | D:5      | Reached skill level 1 in Fighting
  4928 | D:5      | Noticed Ijyb
  4938 | D:5      | Blown up by Ijyb

Levels and vault maps discovered:
D:1:      scummos_arrival_hexagon, layout_loops_ring, palyth_stone_intersect
D:2:      layout_basic
D:3:      layout_loops_ring, uniq_sigmund
D:4:      layout_basic, first_ration
D:5:      layout_basic, serial_shops, nicolae_shop_competitors_out_of_business,
          nicolae_sextant, uniq_prince_ribbit1, uniq_ijyb

Skill      XL: |  1  2  3  4  5  6  7 |
---------------+----------------------+-----
Stealth        | 3 4 5 |  5.6
Dodging        | 3 4 5 |  5.0
Spellcasting   | 4 5 |  5.8
Conjurations   | 5 |  5.4
Short Blades   | 1 |  1.2
Fighting       | 1 |  1.0

Action                   |  1- 3 |  4- 6 |  7- 9 || total
-------------------------+-------+-------+-------++-------
Melee: Dagger            |     6 |    17 |     1 ||    24
 Cast: Magic Dart        |    79 |    44 |    12 ||   135
       Searing Ray       |     3 |     7 |     1 ||    11
  Use: Scroll            |     3 |     4 |     1 ||     8
       Potion            |       |       |     1 ||     1
 Stab: Sleeping          |     5 |     3 |       ||     8
       Distracted        |       |       |     1 ||     1
  Eat: Chunk             |     4 |     4 |     3 ||    11
       Ration            |       |     1 |       ||     1
Armor: Robe              |       |     1 |       ||     1
       Leather armour    |       |       |     2 ||     2
Dodge: Dodged            |    12 |    26 |     7 ||    45
